 Dungeon Crawl Stone Soup version 0.28-a0-1080-g05a166d0ed (webtiles) character file.

Game seed: 15071237066969764717

250486 siradein the Black Crusader (level 19, -1/177 HPs)
             Began as a Hill Orc Fighter on Dec 9, 2021.
             Was an Initiate of Yredelemnul.
             Killed from afar by a servant of whispers (36 damage)
             ... with a bolt of lightning
             ... in the Desolation of Salt on Dec 10, 2021.
             The game lasted 02:33:11 (52907 turns).

siradein the Black Crusader (Hill Orc Fighter)     Turns: 52907, Time: 02:33:12

Health: -1/177     AC: 39    Str: 20    XL:     19   Next: 63%
Magic:  32/32      EV:  9    Int: 14    God:    Yredelemnul [......]
Gold:   2320       SH: 25    Dex: 14    Spells: 18/18 levels left

rFire   + . .      SeeInvis +   s - +7 flail "Pyroax Izous" {vorpal, Int+4}
rCold   + . .      Faith    .   n - +0 tower shield
rNeg    + . .      Spirit   .   S - +4 crystal plate armour
rPois   .          Reflect  +   y - +0 helmet
rElec   .          Harm     .   W - +2 cloak of the Thief {*Fog Slay-2 SInv Stlth+}
rCorr   +          Rampage  +   A - +0 pair of gloves
Will    +++..                   m - +2 pair of boots {Fly}
Stlth   ..........              Z - amulet "Suc Irphi" {Reflect Rampage rN+ Str+2 SH+5}
HPRegen 0.39/turn               J - ring of Zemuudu {rF+ rC+ Will+ Str-5 Int+2}
MPRegen 0.23/turn               t - ring "Kemowk" {Will+ rCorr EV+4}

@: about to teleport, flying, studying 2 skills
A: no striking features
}: 2/15 runes: decaying, gossamer
a: Renounce Religion, Recall Undead Harvest


You were in the Desolation of Salt.
You worshipped Yredelemnul.
Yredelemnul was most pleased with you.
You visited 7 branches of the dungeon, and saw 34 of its levels.
You also visited: Sewer, Ice Cave and Desolation.

You collected 4453 gold pieces.
You spent 2133 gold pieces at shops.

Inventory:

Hand Weapons
 s - the +7 flail "Pyroax Izous" (weapon) {vorpal, Int+4}
   (You found it on level 15 of the Dungeon)

   It inflicts extra damage upon your enemies.
   Int:       It affects your intelligence (+4).
 F - the +9 flail "Vemiawuh" {venom, rN+}
   (You found it on level 5 of the Dungeon)

   It poisons the flesh of those it strikes.
   rN:        It protects you from negative energy.
 I - the +3 sling "Punk" {acid, rCorr}
   (You found it on level 1 of the Swamp)

   Any ammunition fired from it is coated in acid, damaging and corroding those
   it strikes.
   rCorr:     It protects you from acid and corrosion.
Missiles
 L - 127 sling bullets
 R - 857 stones
Armour
 m - a +2 pair of boots of flying (worn)
 n - a +0 tower shield (worn)
 y - a +0 helmet (worn)
 A - a +0 pair of gloves (worn)
 B - +1 ice dragon scales
 S - a +4 crystal plate armour (worn)
 W - the +2 cloak of the Thief (worn) {*Fog Slay-2 SInv Stlth+}
   (You bought it in a shop on level 9 of the Dungeon)

   It may release a thick cloud of smoke when the wearer is hurt.
   Slay:      It affects your accuracy & damage with ranged weapons and melee
   (-2).
   SInv:      It lets you see invisible.
   Stlth:     It makes you more stealthy.
Jewellery
 t - the ring "Kemowk" (right hand) {Will+ rCorr EV+4}
   (You found it in the Desolation of Salt)

   [ring of evasion]

   EV:        It affects your evasion (+4).
   rCorr:     It protects you from acid and corrosion.
   Will:      It increases your willpower.
 v - a +4 ring of slaying
 J - the ring of Zemuudu (left hand) {rF+ rC+ Will+ Str-5 Int+2}
   (You found it on level 2 of the Swamp)

   [ring of protection from fire]

   Str:       It affects your strength (-5).
   Int:       It affects your intelligence (+2).
   rF:        It protects you from fire.
   rC:        It protects you from cold.
   Will:      It increases your willpower.
 P - a ring of poison resistance
 T - the ring "Baabi" {*Corrode Str+8 Int+6 Dex+6}
   (You bought it in a shop on level 2 of the Orcish Mines)

   [ring of dexterity]

   Str:       It affects your strength (+8).
   Int:       It affects your intelligence (+6).
   Dex:       It affects your dexterity (+6).
   *Corrode:  It may corrode you when you take damage.
 Z - the amulet "Suc Irphi" (around neck) {Reflect Rampage rN+ Str+2 SH+5}
   (You found it on level 6 of the Lair of Beasts)

   [amulet of reflection]

   It reflects blocked missile attacks.
   Str:       It affects your strength (+2).
   rN:        It protects you from negative energy.
   SH:        It affects your SH (+5).
   Rampage:   It bestows one free step when moving towards enemies.
Wands
 b - a wand of iceblast (24)
 d - a wand of acid (34)
 l - a wand of polymorph (28)
 p - a wand of charming (3)
 N - a wand of flame (65)
 V - a wand of paralysis (9)
 Y - a wand of mindburst (5)
Scrolls
 e - 2 scrolls of magic mapping
 f - 6 scrolls of enchant weapon
 g - 15 scrolls of identify
 h - 3 scrolls of immolation
 i - 19 scrolls of teleportation
 o - 4 scrolls of fog
 r - a scroll of brand weapon
 w - 3 scrolls of silence
 D - 6 scrolls of blinking
 K - 3 scrolls of summoning
 M - 3 scrolls of fear
Potions
 a - 5 potions of cancellation
 j - 5 potions of ambrosia
 k - a potion of resistance
 q - 7 potions of heal wounds
 u - 4 potions of brilliance
 x - 3 potions of invisibility
 z - 15 potions of curing
 C - 11 potions of haste
 E - 3 potions of magic
 G - 8 potions of mutation
 O - 4 potions of might
 X - 2 potions of berserk rage
Miscellaneous
 c - a condenser vane
 H - a phial of floods
 Q - a lightning rod (4/4) (quivered)
 U - a box of beasts


   Skills:
 + Level 17.6 Fighting
 - Level 14.8 Maces & Flails
 + Level 7.0 Slings
 + Level 16.3 Armour
 + Level 6.9 Dodging
 + Level 17.3 Shields
 + Level 18.2 Invocations
 + Level 12.0 Evocations


You had 18 spell levels left.
You didn't know any spells.
Your spell library contained the following spells:

 Spells                   Type           Power      Damage    Failure   Level
 Animate Skeleton         Necr           0%         N/A       100%        1
 Apportation              Tloc           0%         N/A       100%        1
 Freeze                   Ice            0%         1d3       100%        1
 Magic Dart               Conj           0%         1d3       100%        1
 Pain                     Necr           0%         1d4       100%        1
 Slow                     Hex            0%         N/A       100%        1
 Sting                    Tmut/Pois      0%         1d3       100%        1
 Corpse Rot               Necr/Air       0%         N/A       100%        2
 Ensorcelled Hibernation  Hex/Ice        0%         N/A       100%        2
 Passwall                 Tmut/Erth      0%         N/A       100%        2
 Poisonous Vapours        Pois/Air       0%         N/A       100%        2
 Searing Ray              Conj           0%         2d4       100%        2
 Static Discharge         Conj/Air       0%         N/A       100%        2
 Sublimation of Blood     Necr           0%         N/A       100%        2
 Wereblood                Tmut           0%         N/A       100%        2
 Call Canine Familiar     Summ           0%         N/A       100%        3
 Confusing Touch          Hex            0%         N/A       100%        3
 Dazzling Flash           Conj/Hex       0%         N/A       100%        3
 Gell's Gravitas          Tloc           0%         N/A       100%        3
 Lesser Beckoning         Tloc           0%         N/A       100%        3
 Mephitic Cloud           Conj/Pois/Air  0%         N/A       100%        3
 Portal Projectile        Hex/Tloc       0%         N/A       100%        3
 Summon Guardian Golem    Hex/Summ       0%         N/A       100%        3
 Swiftness                Air            0%         N/A       100%        3
 Teleport Other           Tloc           0%         N/A       100%        3
 Tukima's Dance           Hex            0%         N/A       100%        3
 Vampiric Draining        Necr           0%         2d6       100%        3
 Cause Fear               Hex            0%         N/A       100%        4
 Dispel Undead            Necr           0%         3d6       100%        4
 Fulminant Prism          Conj/Hex       0%         3d6       100%        4
 Ice Form                 Ice/Tmut       0%         N/A       100%        4
 Leda's Liquefaction      Hex/Erth       0%         N/A       100%        4
 Olgreb's Toxic Radiance  Pois           0%         N/A       100%        4
 Passage of Golubria      Tloc           0%         N/A       100%        4
 Agony                    Necr           0%         N/A       100%        5
 Alistair's Intoxication  Tmut/Pois      0%         N/A       100%        5
 Fireball                 Conj/Fire      0%         3d3       100%        5
 Lightning Bolt           Conj/Air       0%         1d11      100%        5
 Silence                  Hex/Air        0%         N/A       100%        5
 Yara's Violent Unravell  Hex/Tmut       0%         3d3       100%        5
 Dispersal                Tloc           0%         N/A       100%        6
 Iron Shot                Conj/Erth      0%         9d1       100%        6
 Starburst                Conj/Fire      0%         6d3       100%        6
 Dragon Form              Tmut           0%         N/A       100%        7
 Orb of Destruction       Conj           0%         N/A       100%        7
 Ozocubu's Refrigeration  Ice            0%         4d5       100%        7
 Spellforged Servitor     Conj/Summ      0%         N/A       100%        7
 Summon Hydra             Summ           0%         N/A       100%        7
 Ignition                 Fire           0%         3d3       100%        8
 Maxwell's Capacitive Co  Air            0%         ∞         100%        8
 Dragon's Call            Summ           0%         N/A       100%        9
 Death Channel            Necr           Unusable   N/A       N/A         6

Dungeon Overview and Level Annotations

Branches:
Dungeon (15/15)            Temple (1/1) D:4            Lair (6/6) D:10
  Swamp (4/4) Lair:3       Spider (4/4) Lair:2        Slime (0/5) Lair:5
    Orc (2/2) D:12            Elf (0/3) Orc:2        Vaults (2/5) D:13
  Crypt (0/3) Vaults:2     Depths (0/4) D:15          Sewer (visited)
  IceCv (visited)         Desolation (1/1)

Altars:
Ashenzari
Cheibriados
Elyvilon
Fedhas
Gozag
Hepliaklqana
Kikubaaqudgha
Makhleb
Nemelex Xobeh
Okawaru
Ru
Sif Muna
Trog
Vehumet
Wu Jian
Xom
Yredelemnul
Zin
The Shining One
Beogh
Jiyva

Shops:
D:9 :(:?*   D:10 =   D:12 !   D:13 ?   Orc:1 (   Orc:2 ?=:[!   Vaults:2 ([

Portals:
Trove: D:10 (give +2 storm dragon scales)

Annotations:
D:14 3 runed translucent doors


Message History

The ragged hierophant barely misses your ragged hierophant zombie.
You are too injured to fight recklessly!
Unknown command.
You are too injured to fight recklessly!
The ragged hierophant mumbles some strange words.
The ragged hierophant begins to accept its allies' injuries.
Your ragged hierophant zombie hits something but does no damage.
Something hits your ragged hierophant zombie!
The ragged hierophant points at you and mumbles some strange words.
A blast of power from the earth strikes you!
The servant of whispers mumbles some strange prayers to its god against you.
The bolt of lightning hits you!!
* * * LOW HITPOINT WARNING * * *
The servant of whispers calls down the wrath of its god upon you.
The bolt of lightning misses the ragged hierophant.
The bolt of lightning misses you. x2
The ragged hierophant mumbles some strange words.
The ragged hierophant begins to accept its allies' injuries.
You start resting.
There are monsters nearby!
You closely miss the ragged hierophant.
The ragged hierophant is lightly wounded.
You barely miss the ragged hierophant.
The ragged hierophant is lightly wounded.
The ragged hierophant barely misses you.
Okay, then.
As you read the scroll of teleportation, it crumbles to dust.
You feel strangely unstable.
The ragged hierophant gestures wildly while chanting.
The ragged hierophant begins to accept its allies' injuries.
The ragged hierophant hits you with a +0 long sword!
* * * LOW HITPOINT WARNING * * *
The servant of whispers utters an invocation to its god.
The air becomes perfectly still.
The ragged hierophant casts a spell.
The ragged hierophant begins to accept its allies' injuries.
The servant of whispers calls down the wrath of its god upon you.
The bolt of lightning hits you!!!
You die...
Your body rises from the dead as a mindless zombie.

#.#.#............Z.......)....
.........##.........Z.........
.8.................Z....####..
..........#...........###....#
.8.....)..###...####..#[.....#
......................##......#
.....#.................#........
.....##.......a.............:...
..........a.a..@.......##......#
...8......8p#.a.........#..)..[.
............#...........###..#.#
...8....8a#................###..
#......aa##.=..............#...
##.....#p..#.......###.....#...
...................##..#.......#
.............8....#.....##..#...
.................#.......#......


You could see 2 ragged hierophants, 2 servants of whispers and an ironbound
convoker (sheltered).

Vanquished Creatures
  An Ice Fiend (IceCv)
  Gastronok (D:12)
  A thorn hunter (Swamp:3)
  An orc warlord (Orc:1)
  A frost giant (Vaults:1)
  4 ghost moths
  3 emperor scorpions (Spider:4)
  A halazid warlock (Desolation)
  An eleionoma (Swamp:1)
  An entropy weaver (Spider:2)
  A spark wasp (Spider:4)
  A bunyip (Swamp:4)
  4 ragged hierophants (Desolation)
  2 servants of whispers
  14 hydras
  A caustic shrike simulacrum (IceCv)
  An ironbound frostheart (Vaults:1)
  4 boulder beetles
  A peacekeeper (Desolation)
  3 ghost crabs
  3 ogre magi
  A catoblepas (Lair:3)
  12 centaur warriors
  2 dancing weapons (D:13)
  9 two-headed ogres
  6 alligators
  Erica (D:11)
  3 death yaks (Lair:6)
  3 tengu warriors
  Nergalle (D:11)
  An orc high priest (Orc:1)
  7 goliath frogs
  A death drake (Swamp:2)
  The ghost of leviel the Carver, a novice HOFi of Gozag (D:7)
  An obsidian statue (IceCv)
  5 swamp dragons
  A skeletal warrior (D:11)
  5 spriggan druids
  2 bog bodies
  3 ironbound convokers
  2 spriggan riders
  Pikel (D:6)
  2 necromancers
  4 lindwurms
  17 wolf spiders
  An oklob plant (Lair:6)
  6 orc sorcerers (Orc:2)
  A wizard (Vaults:1)
  14 orb spiders
  4 orc knights
  3 deep elf pyromancers
  5 cyclopes
  A will-o-the-wisp (Swamp:4)
  2 manticores
  4 black mambas
  12 slime creatures
  3 guardian serpents
  9 elephants
  2 vault sentinels
  Joseph (D:8)
  An ice statue (D:11)
  2 cane toads (Lair:2)
  2 unseen horrors
  A freezing wraith (IceCv)
  A kobold demonologist (D:6)
  2 rime drakes
  A tengu conjurer (D:11)
  A komodo dragon (shapeshifter) (D:13)
  7 ice devils (IceCv)
  7 demonic crawlers
  2 efreet
  7 komodo dragons
  2 yaktaurs (Vaults:1)
  A golden dragon simulacrum (IceCv)
  A polar bear (Lair:5)
  4 entropy weaver simulacra (IceCv)
  5 meliai
  8 trolls
  15 jumping spiders
  2 tyrant leeches
  23 saltlings
  13 hornets
  10 blink frogs
  2 snapping turtles (Lair:6)
  Sigmund (D:4)
  37 redbacks
  12 tarantellas
  A centaur simulacrum (D:13)
  5 spriggan simulacra (IceCv)
  A shadow (D:5)
  31 yaks
  8 spriggans
  A vampire (D:10)
  A dire elephant simulacrum (IceCv)
  4 wyverns
  The ghost of croobank the Covert, an amateur FeDe of Ru (D:6)
  A yak (shapeshifter) (D:15)
  2 wraiths (D:12)
  2 basilisks
  A hog (Swamp:3)
  9 minotaur simulacra (IceCv)
  5 vampire mosquitoes
  2 wargs
  2 steam dragons
  A harpy simulacrum (IceCv)
  16 swamp worms
  Edmund (D:4)
  A hydra simulacrum (IceCv)
  10 water moccasins
  3 acid dragons
  An ice beast (D:8)
  A black bear (shapeshifter) (D:14)
  An alligator simulacrum (IceCv)
  23 orc warriors
  6 swamp drakes
  2 sky beasts
  5 black bears
  2 ettin simulacra (IceCv)
  A necrophage (D:8)
  11 ogres
  9 wolves
  3 boggarts (Vaults:1)
  14 centaurs
  12 kobold brigands
  12 bullfrogs
  6 deep troll simulacra (IceCv)
  A lindwurm simulacrum (IceCv)
  6 killer bees
  12 wights
  5 howler monkeys
  2 electric eels
  2 centaur zombies
  A bullfrog zombie (D:6)
  2 jellies (Lair:6)
  2 quasits (Sewer)
  16 orc priests
  5 hounds
  A spectral boggart (Vaults:1)
  A bullfrog skeleton (D:6)
  7 gnoll shamans
  2 centaur skeletons
  2 iguanas
  27 orc wizards
  A hound zombie (D:4)
  A howler monkey zombie (D:7)
  28 gnolls
  5 adders
  8 river rats (D:5)
  A shadow imp (D:6)
  2 white imps
  6 ufetubi
  3 worms
  3 dart slugs
  57 orcs
  13 ball pythons
  3 bat zombies (Sewer)
  7 endoplasms
  6 giant cockroaches
  11 goblins
  15 hobgoblins
  6 quokkas
  11 bats
  8 frilled lizards
  28 kobolds
  A kobold zombie (Sewer)
  21 rats
  3 briar patches (Swamp:2)
939 creatures vanquished.

Vanquished Creatures (collateral kills)
  2 tentacled monstrosities
  Kirke (Swamp:3)
  2 ghost moths (Spider:4)
  An emperor scorpion (Spider:3)
  A stone giant (D:15)
  The ghost of jejorda2 the Impaler, a journeyman MfBe of Trog (Lair:1)
  An eleionoma (Swamp:2)
  2 entropy weavers
  A bunyip (Swamp:2)
  A shambling mangrove (Swamp:1)
  A fire dragon (D:14)
  11 hydras
  2 centaur warriors
  A merfolk avatar (Lair:6)
  2 two-headed ogres (D:15)
  A catoblepas (Lair:6)
  3 death yaks (Lair:6)
  The ghost of Foxy the Slicer, a journeyman KoIE of Qazlal (D:11)
  5 alligators
  2 tengu warriors
  4 spriggan druids
  A goliath frog (Swamp:2)
  6 swamp dragons (Swamp:4)
  A wizard (Vaults:1)
  4 bog bodies
  3 harpies (Lair:6)
  3 lindwurms
  3 ugly things (Vaults:1)
  A will-o-the-wisp (Swamp:4)
  16 orb spiders
  9 wolf spiders
  5 orc sorcerers
  A cyclops (D:11)
  3 manticores
  3 slime creatures
  2 elephants
  A torpor snail (Spider:3)
  An ice statue (D:11)
  2 black mambas
  4 rime drakes
  8 cane toads
  A yaktaur (Vaults:1)
  3 komodo dragons
  7 demonic crawlers
  An entropy weaver simulacrum (IceCv)
  A polar bear (Lair:6)
  5 meliai
  28 jumping spiders
  2 saltlings (Desolation)
  4 hornets
  3 tyrant leeches
  Grinder (Sewer)
  8 blink frogs
  50 redbacks
  A wyvern (Lair:6)
  15 tarantellas
  5 spriggans
  20 yaks
  3 hogs (Swamp:3)
  A minotaur simulacrum (IceCv)
  2 vampire mosquitoes (Swamp:3)
  5 swamp worms
  8 water moccasins
  An ice beast (D:7)
  3 orc warriors
  A black bear (D:5)
  3 swamp drakes (Swamp:4)
  A sky beast (D:7)
  4 ogres
  3 wolves
  3 centaurs
  2 kobold brigands (D:7)
  Blork the orc (D:4)
  4 bullfrogs
  2 electric eels
  5 orc priests
  3 jellies
  12 orc wizards
  5 gnolls
  2 river rats (D:5)
  25 orcs
  4 hobgoblins
  A quokka (D:5)
  A bat (Sewer)
  6 kobolds
  A kobold zombie (Sewer)
  An orc zombie (D:7)
  5 rats (D:5)
  6 briar patches (Swamp:2)
  A bush (Lair:5)
  A plant (Lair:6)
404 creatures vanquished.

Vanquished Creatures (others)
  A spectral human (Swamp:4)
  A spectral azure jelly (D:15)
  A spectral Ice Fiend (IceCv)
  A spriggan berserker (Swamp:3)
  A goliath frog (Swamp:2)
  A spriggan rider (Swamp:2)
  A spark wasp zombie (Spider:4)
  A lindwurm (Swamp:4)
  5 wolf spider zombies
  A goliath frog zombie (Swamp:4)
  An eleionoma zombie (Swamp:2)
  7 centaur zombies
  A spectral slime creature (D:15)
  A swamp worm zombie (Swamp:2)
  5 redback zombies
  2 bloated husks
  A harpy zombie (Lair:6)
  A demonic crawler zombie (Spider:3)
  A hydra zombie (Swamp:4)
  A tarantella zombie (Spider:4)
  A guardian serpent zombie (Desolation)
  An alligator zombie (Swamp:1)
  3 meliai zombies
  2 jumping spider zombies
  A spectral ice devil (IceCv)
  2 spriggan zombies
  2 tyrant leech zombies
  A spectral orb spider (Spider:4)
  2 orb spider zombies
  3 two-headed ogre zombies (D:15)
  A cane toad zombie (Lair:2)
  A lindwurm zombie (Swamp:4)
  3 hornet zombies
  An elf zombie (D:15)
  A blink frog zombie (Lair:2)
  A swamp dragon zombie (Swamp:2)
  A hog zombie (Swamp:3)
  2 wyvern zombies
  A warg zombie (D:15)
  3 yak zombies
  2 spectral ice beasts
  3 wolf zombies (Lair:3)
  5 bullfrog zombies
  4 human zombies
  A basilisk zombie (D:9)
  A black bear zombie (D:7)
  An orc wizard (Orc:1)
  4 ogre zombies
  A hound zombie (D:7)
  A spectral jelly (Lair:1)
  A gnoll (Orc:2)
  A howler monkey zombie (D:8)
  A steam dragon zombie (D:9)
  A swamp drake zombie (Swamp:4)
  35 orc zombies
  2 spectral white imps
  A bat zombie (Sewer)
  2 endoplasms (Sewer)
  9 gnoll zombies
  A river rat zombie (D:5)
  2 giant cockroach zombies
  4 hobgoblin zombies (D:7)
  A kobold (D:9)
  11 kobold zombies
  A rat zombie (D:5)
  A spectral endoplasm (Sewer)
  2 spectral ufetubi
  2 foxfires (Swamp:4)
  76 fungi
  111 plants
356 creatures vanquished.

Grand Total: 1699 creatures vanquished

Notes
Turn   | Place    | Note
-------+----------+-------------------------------------------
     0 | D:1      | siradein the Hill Orc Fighter began the quest for the Orb.
     0 | D:1      | Reached XP level 1. HP: 19/19 MP: 1/1
   157 | D:1      | Reached XP level 2. HP: 25/27 MP: 2/2
   884 | D:1      | Reached XP level 3. HP: 33/33 MP: 3/3
  1601 | D:2      | Reached XP level 4. HP: 6/40 MP: 4/4
  1860 | D:2      | Found a faded altar of an unknown god.
  2568 | D:3      | Reached XP level 5. HP: 38/47 MP: 5/5
  3500 | D:4      | Noticed a black bear
  3507 | D:4      | Killed a black bear
  3508 | D:4      | Reached skill level 5 in Fighting
  3508 | D:4      | Reached XP level 6. HP: 56/56 MP: 6/6
  3511 | D:4      | Found a staircase to the Ecumenical Temple.
  3539 | Temple   | Entered the Ecumenical Temple
  3698 | Temple   | Became a worshipper of Yredelemnul the Dark
  3874 | D:4      | Reached skill level 1 in Invocations
  4053 | D:4      | Noticed a black bear
  4057 | D:4      | Killed a black bear
  4058 | D:4      | Reached skill level 5 in Armour
  4058 | D:4      | Reached skill level 5 in Shields
  4058 | D:4      | Reached XP level 7. HP: 51/61 MP: 6/8
  4372 | D:4      | Noticed Edmund
  4372 | D:4      | Noticed Blork the orc
  4380 | D:4      | Killed Blork the orc
  4381 | D:4      | Reached skill level 2 in Invocations
  4387 | D:4      | Noticed Sigmund
  4389 | D:4      | Killed Edmund
  4580 | D:4      | Killed Sigmund
  4581 | D:4      | Reached skill level 3 in Invocations
  4983 | D:5      | Entered Level 5 of the Dungeon
  4998 | D:5      | Noticed a two-headed ogre
  5017 | D:5      | Killed a two-headed ogre
  5017 | D:5      | Reached * piety under Yredelemnul
  5018 | D:5      | Reached skill level 5 in Maces & Flails
  5018 | D:5      | Reached skill level 4 in Invocations
  5018 | D:5      | Reached XP level 8. HP: 35/71 MP: 9/11
  5119 | D:5      | Reached skill level 5 in Invocations
  5119 | D:5      | Reached ** piety under Yredelemnul
  5142 | D:5      | Reached XP level 9. HP: 45/79 MP: 12/12
  5173 | D:5      | Reached *** piety under Yredelemnul
  5324 | D:5      | Reached **** piety under Yredelemnul
  5374 | D:5      | Found a glowing drain.
  5392 | Sewer    | Entered a sewer
  5645 | Sewer    | Found a burning altar of Makhleb.
  5850 | Sewer    | Noticed Grinder
  5861 | Sewer    | Killed Grinder
  6142 | D:5      | Reached skill level 6 in Invocations
  6870 | D:5      | Identified the +9 flail "Vemiawuh" {venom, rN+}
  7557 | D:6      | Found a runed translucent gate.
  7599 | D:6      | Reached skill level 7 in Invocations
  7599 | D:6      | Reached XP level 10. HP: 49/88 MP: 15/15
  8164 | D:6      | Found a runed translucent gate.
  8164 | D:6      | Found a runed translucent gate.
  8166 | D:6      | Noticed croobank's ghost (amateur FeDe)
  8168 | D:6      | Noticed a kobold demonologist
  8445 | D:7      | Noticed Pikel
  8495 | D:6      | Killed Pikel
  8640 | D:7      | Found a bloodstained altar of Trog.
  8854 | D:7      | Reached skill level 8 in Invocations
  9260 | D:7      | Found a transporter.
  9262 | D:7      | Noticed leviel's ghost (novice HOFi)
  9263 | D:7      | Found a transporter.
  9264 | D:7      | Identified the +1 great mace of Docusk {vamp, rElec rN+++
                  | Int-4 Dex+10}
  9264 | D:7      | Noticed a two-headed ogre
 10566 | D:8      | Reached XP level 11. HP: 66/99 MP: 17/17
 10664 | D:8      | Reached skill level 9 in Invocations
 10982 | D:8      | Noticed Joseph
 10993 | D:8      | Killed Joseph
 10994 | D:8      | Reached skill level 10 in Fighting
 11026 | D:8      | Noticed a centaur warrior
 11043 | D:8      | Killed a centaur warrior
 11253 | D:8      | Noticed a manticore
 11261 | D:8      | Your ally Joseph died
 11262 | D:8      | Noticed a cyclops
 11271 | D:8      | HP: 4/99 [manticore (3)]
 11274 | D:8      | Killed a manticore
 11279 | D:8      | Killed a cyclops
 11757 | D:9      | Noticed a two-headed ogre
 11772 | D:8      | Killed a two-headed ogre
 12018 | D:9      | Noticed a manticore
 12021 | D:9      | Noticed a boulder beetle
 12045 | D:9      | Killed a manticore
 12051 | D:9      | Killed a boulder beetle
 12431 | D:9      | Identified the +5 spear of Qades {drain, +Blink rCorr Str-4
                  | Int+6}
 12446 | D:9      | You fall into a shaft and drop 1 floor!
 12446 | D:10     | Entered Level 10 of the Dungeon
 12457 | D:10     | Reached skill level 10 in Invocations
 12617 | D:10     | Found a portal to a secret trove of treasure.
 12665 | D:10     | Reached ***** piety under Yredelemnul
 12666 | D:10     | Reached skill level 10 in Armour
 12863 | D:10     | Found a staircase to the Lair.
 12913 | D:10     | Found Remm's Jewellery Boutique.
 13102 | D:10     | Reached skill level 10 in Shields
 13102 | D:10     | Reached XP level 12. HP: 110/110 MP: 19/19
 13669 | D:9      | Found Bavvecef's Book Shop.
 13840 | D:9      | Reached skill level 1 in Evocations
 13955 | D:9      | Found Curuten's Weapon Shop.
 14027 | D:9      | Found Qoom's Magic Scroll Shoppe.
 14037 | D:9      | Bought a scroll of identify for 30 gold pieces
 14047 | D:9      | Found Orhoov's Assorted Antiques.
 14052 | D:9      | Bought the +2 cloak of the Thief {*Fog Slay-2 SInv Stlth+}
                  | for 502 gold pieces
 14052 | D:9      | Found the +2 cloak of the Thief {*Fog Slay-2 SInv Stlth+}
 14378 | D:9      | Found Arghypup's Book Boutique.
 14698 | D:11     | Found a transporter.
 14702 | D:11     | Noticed a two-headed ogre
 14720 | D:11     | Noticed a two-headed ogre
 14722 | D:11     | Noticed a boulder beetle
 14901 | D:11     | Found a transporter.
 14909 | D:11     | Noticed Foxy's ghost (journeyman KoIE)
 14967 | D:11     | Noticed Erica
 14981 | D:11     | Killed Erica
 14982 | D:11     | Reached skill level 10 in Maces & Flails
 15346 | D:11     | Identified the +0 ring mail of Decompression {Fly rF+
                  | Will-}
 15421 | D:11     | Noticed Nergalle
 15434 | D:11     | Killed Nergalle
 15940 | Lair:1   | Entered Level 1 of the Lair of Beasts
 16255 | Lair:1   | Noticed an eight-headed hydra
 16262 | Lair:1   | Killed an eight-headed hydra
 16263 | Lair:1   | Reached skill level 11 in Invocations
 16882 | Lair:1   | Found a runed translucent gate.
 16882 | Lair:1   | Found a runed translucent gate.
 16882 | Lair:1   | Found a runed translucent gate.
 16886 | Lair:1   | Noticed jejorda2's ghost (journeyman MfBe)
 17348 | Lair:1   | Reached ****** piety under Yredelemnul
 17694 | Lair:1   | Found a viscous altar of Jiyva.
 17869 | D:6      | Noticed a soul eater
 17908 | D:6      | Killed croobank's ghost
 18335 | D:7      | Killed a two-headed ogre
 18371 | D:7      | Killed leviel's ghost
 18558 | Lair:2   | Reached XP level 13. HP: 102/118 MP: 21/21
 18973 | Lair:2   | Reached skill level 12 in Invocations
 19359 | Lair:2   | Found a hole to the Spider Nest.
 19958 | Lair:3   | Found a staircase to the Swamp.
 20073 | Lair:3   | Reached skill level 5 in Evocations
 22165 | Lair:4   | Reached skill level 13 in Invocations
 22165 | Lair:4   | Reached XP level 14. HP: 119/129 MP: 23/23
 22914 | Lair:5   | Found a viscous altar of Jiyva.
 22914 | Lair:5   | Found a staircase to the Slime Pits.
 23556 | Lair:6   | Entered Level 6 of the Lair of Beasts
 25033 | Lair:6   | Noticed an azure jelly
 25041 | Lair:6   | Killed an azure jelly
 25041 | Lair:6   | Enslaved an azure jelly
 25052 | Lair:6   | Reached skill level 14 in Invocations
 25674 | Lair:6   | Identified the amulet "Suc Irphi" {Reflect Rampage rN+
                  | Str+2 SH+5}
 25689 | Lair:6   | Identified the +4 falchion "Naisun" {flame, Str-4 Int+4}
 26059 | D:12     | Found Tiwketz's Distillery.
 26066 | D:12     | Bought a potion of lignification for 33 gold pieces
 26066 | D:12     | Bought a potion of mutation for 88 gold pieces
 26066 | D:12     | Bought a potion of magic for 88 gold pieces
 26095 | D:12     | Noticed Gastronok
 26116 | D:12     | Killed Gastronok
 26140 | D:12     | Found a staircase to the Orcish Mines.
 26181 | Orc:1    | Entered Level 1 of the Orcish Mines
 26209 | Orc:1    | Reached XP level 15. HP: 138/138 MP: 25/25
 26296 | Orc:1    | Found Kinamy's Antique Weapon Boutique.
 26356 | Orc:1    | Noticed an orc warlord
 26380 | Orc:1    | Killed an orc warlord
 27045 | Orc:1    | Found a roughly hewn altar of Beogh.
 27211 | Orc:2    | Entered Level 2 of the Orcish Mines
 27343 | Orc:2    | Found Dettow's Magic Scroll Shop.
 27621 | Orc:2    | Found a staircase to the Elven Halls.
 27759 | Orc:2    | Paralysed by an orc sorcerer for 7 turns
 27854 | Orc:2    | Found Puroich's Distillery.
 27875 | Orc:2    | Bought a potion of degeneration for 16 gold pieces
 27875 | Orc:2    | Bought a potion of attraction for 48 gold pieces
 27875 | Orc:2    | Bought a potion of flight for 48 gold pieces
 27875 | Orc:2    | Bought a potion of berserk rage for 80 gold pieces
 27889 | Orc:2    | Found a radiant altar of Vehumet.
 27889 | Orc:2    | Paralysed by an orc sorcerer for 7 turns
 27913 | Orc:2    | Found Matetamn's Book Boutique.
 27988 | Orc:2    | Found an ancient bone altar of Kikubaaqudgha.
 28089 | Orc:2    | Found a roughly hewn altar of Beogh.
 28089 | Orc:2    | Found Noca's Jewellery Boutique.
 28121 | Orc:2    | Found Deasauxt's Antique Armour Shop.
 28124 | Orc:2    | Bought the ring "Baabi" {*Corrode Str+8 Int+6 Dex+6} for
                  | 1160 gold pieces
 28805 | D:12     | Found a glowing golden altar of the Shining One.
 29335 | D:13     | Found a blossoming altar of Fedhas.
 29587 | D:13     | Found Byoq's Magic Scroll Shoppe.
 29691 | D:13     | Found a gate to the Vaults.
 30146 | D:13     | Bought a scroll of identify for 20 gold pieces
 30146 | D:13     | Bought a scroll of identify for 20 gold pieces
 30907 | D:14     | Found a runed translucent gate.
 30907 | D:14     | Found a runed translucent gate.
 30907 | D:14     | Found a runed translucent gate.
 31610 | D:15     | Entered Level 15 of the Dungeon
 31640 | D:15     | Reached skill level 15 in Invocations
 32022 | D:15     | Found a burning altar of Makhleb.
 32354 | D:15     | Reached skill level 1 in Dodging
 32372 | D:15     | Reached skill level 15 in Fighting
 32374 | D:15     | Reached XP level 16. HP: 122/149 MP: 25/27
 32594 | D:15     | Found a staircase to the Depths.
 32734 | D:15     | Identified the +7 flail "Pyroax Izous" {vorpal, Int+4}
 33802 | Swamp:1  | Entered Level 1 of the Swamp
 33809 | Swamp:1  | Noticed a tentacled monstrosity
 33826 | Swamp:1  | Killed a tentacled monstrosity
 33834 | Swamp:1  | Found a frozen archway.
 33866 | IceCv    | Entered an ice cave
 35294 | IceCv    | Noticed an Ice Fiend
 35304 | IceCv    | Killed an Ice Fiend
 35600 | IceCv    | Got the Reference Book on Snow
 35620 | IceCv    | Identified the +8 arbalest "Qimempum" {venom, Fly rElec
                  | Str-5 SInv}
 36293 | Swamp:1  | Found the +3 sling "Punk" {acid, rCorr}
 36659 | Swamp:1  | Reached skill level 1 in Slings
 37118 | Swamp:1  | Noticed a fenstrider witch
 37124 | Swamp:1  | Killed a fenstrider witch
 37124 | Swamp:1  | Enslaved a fenstrider witch
 39344 | D:11     | Killed Foxy's ghost
 39997 | Lair:1   | Killed jejorda2's ghost
 40893 | Swamp:2  | Reached skill level 16 in Invocations
 41022 | Swamp:2  | Reached XP level 17. HP: 156/157 MP: 29/29
 41295 | Swamp:2  | Found a transporter.
 41424 | Swamp:2  | Reached skill level 10 in Evocations
 41767 | Swamp:2  | Noticed Frances
 41776 | Swamp:2  | Killed Frances
 41776 | Swamp:2  | Enslaved Frances
 41890 | Swamp:2  | Found a transporter.
 41891 | Swamp:2  | Identified a scroll of acquirement
 42046 | Swamp:2  | Identified the ring of Zemuudu {rF+ rC+ Will+ Str-5 Int+2}
 42050 | Swamp:2  | Identified the -5 cloak "Hymaes" {Str+4}
 42750 | Swamp:3  | Noticed Kirke
 42759 | Swamp:3  | Killed Kirke
 42873 | Swamp:3  | Acquired a manual of Shields
 43092 | Swamp:4  | Entered Level 4 of the Swamp
 43173 | Swamp:4  | Your ally Frances died
 44751 | Spider:1 | Entered Level 1 of the Spider Nest
 44764 | Spider:1 | Reached skill level 15 in Armour
 44771 | Spider:1 | Reached skill level 15 in Shields
 45689 | Spider:1 | Reached XP level 18. HP: 168/168 MP: 30/30
 46070 | Spider:1 | Noticed Asterion
 46077 | Spider:1 | Killed Asterion
 46077 | Spider:1 | Enslaved Asterion
 46329 | Spider:2 | Reached skill level 5 in Dodging
 46586 | Spider:2 | Reached skill level 17 in Invocations
 46972 | Swamp:4  | Reached skill level 5 in Slings
 47490 | Swamp:4  | Got a decaying rune of Zot
 47689 | Swamp:4  | Noticed a tentacled monstrosity
 47701 | Swamp:4  | Killed a tentacled monstrosity
 48442 | Spider:3 | Identified the +0 scale mail of Refuge {Dex+6}
 49151 | Spider:4 | Entered Level 4 of the Spider Nest
 49811 | Spider:4 | Identified the +5 scale mail of the Butterfly {rF+ Str+3}
 50084 | Spider:4 | Reached XP level 19. HP: 164/177 MP: 31/31
 50541 | Spider:4 | Got a gossamer rune of Zot
 50789 | Vaults:1 | Entered Level 1 of the Vaults
 50967 | Vaults:1 | Identified the +12 dagger of Woleny {drain, rF+}
 51301 | Vaults:1 | Reached skill level 18 in Invocations
 51647 | Vaults:1 | You are sucked into a shaft and drop 1 floor!
 51661 | Vaults:2 | Found Pinom's Armour Emporium.
 51671 | Vaults:2 | Found Declaed's Weapon Emporium.
 51744 | Vaults:2 | Found a crumbling gateway.
 51769 | Desolati | Entered the Desolation of Salt
 52584 | Desolati | Identified the ring "Kemowk" {Will+ rCorr EV+4}
 52866 | Desolati | Got Zaleoph's Disquisition on Gliding Confrontation
 52868 | Desolati | Identified the ring of Niuh Vaa {Int+6 Dex+4}
 52907 | Desolati | Killed from afar by a servant of whispers

Illustrated notes

Levels and vault maps discovered:
D:1:      elethiomel_arrival_maze, layout_loops_corners, st_stairs_9
D:2:      layout_basic, basic_ecumenical_altar, grunt_ministairs_14,
          minmay_heptomino_l4
D:3:      layout_basic, serial_bayou_pond_b, minmay_starry_boxes
D:4:      cheibrodos_barr_body, layout_loops_ring, minmay_temple_entry_trees,
          sigmund_edmund_badplayer, uniq_edmund, uniq_blork_the_orc
D:5:      lemuel_ratsnest, layout_basic, cheibrodos_sewer_entry_bend,
          grunt_ministairs_11
D:6:      layout_basic, gammafunk_ghost_nasty_kobolds, kennysheep_generic_room_2
D:7:      kennysheep_housing_project, layout_cave_pools, amcnicky_altar_gilded,
          gammafunk_ghost_smash, uniq_pikel
D:8:      layout_rooms, minmay_shattered_shrine, uniq_joseph
D:9:      layout_loops_cross, serial_shops, shop_statue, kennysheep_little_box,
          shop, nicolae_lakefront_shop, nicolae_shop_stone, minmay_radiant
D:10:     layout_roguey, lair_entry_dummy, serial_shops, nicolae_square_shop,
          enter_trove_2
D:11:     layout_stronghold, nzn_ghost_randoct, uniq_erica, uniq_nergalle
D:12:     layout_cave_pools, hiddenorc2_lemuel, serial_shops,
          nicolae_stop_n_shop_2, tso_altar, uniq_gastronok
D:13:     nicolae_cairo_tiling_large_dashed, layout_loops_ring, erik_vaults_1,
          serial_shops, nicolae_inconvenience_store, grunt_ministairs_9,
          fedhas_altar_1
D:14:     layout_layer_cave, ploomutoo_gammafunk_ghost_potion_laboratory
D:15:     grunt_enter_depths_snipers, layout_loops_corners, bloody_makhleb,
          minmay_statues_item, fake_guardian_serpent_vault
Temple:   mainiacjoe_temple_archimedes_tessellation
Lair:1:   layout_cave_pods, gammafunk_ghost_ooze, infiniplex_staircase_pool_2
Lair:2:   layout_hall_layers, spider_nest_entry_funnel_web, st_stairs_9
Lair:3:   layout_gridlike, minmay_swamp_entry_worms, grunt_megastairs_2
Lair:4:   layout_cave_pods, grunt_megastairs_4
Lair:5:   layout_cave_pods, slime_altar_1
Lair:6:   gammafunk_lair_ancient_temple, layout_layer_cave, minivault_11,
          nicolae_lair_time_for_slime
Swamp:1:  nicolae_swamp_standing_stones, layout_basic_swamp,
          portal_ice_cave_entry_pillars_1, nicolae_swamp_some_circles
Swamp:2:  gammafunk_worm_tunnel, layout_basic_swamp,
          nicolae_swamp_round_clearing, swamp_pool1, uniq_frances
Swamp:3:  layout_basic_swamp, nicolae_swamp_bean_lake, uniq_kirke
Swamp:4:  swamp_alternative, layout_basic_swamp, swamp_pool5,
          nicolae_swamp_treefoil
Spider:1: nicolae_spider_hilbert_zone_1 [nicolae_spider_hilbert_4_sides_1_open,
          nicolae_spider_hilbert_4_sides_1_open,
          nicolae_spider_hilbert_4_sides_1_open,
          nicolae_spider_hilbert_4_sides_1_open,
          nicolae_spider_hilbert_3_sides_1_open,
          nicolae_spider_hilbert_3_sides_1_open,
          nicolae_spider_hilbert_3_sides_1_open,
          nicolae_spider_hilbert_3_sides_1_open,
          nicolae_spider_hilbert_3_sides_1_open,
          nicolae_spider_hilbert_6_sides_1_open,
          nicolae_spider_hilbert_6_sides_1_open,
          nicolae_spider_hilbert_3_sides_1_open,
          nicolae_spider_hilbert_3_sides_1_open,
          nicolae_spider_hilbert_3_sides_1_open,
          nicolae_spider_hilbert_3_sides_1_open,
          nicolae_spider_hilbert_2_sides_1_open], nicolae_spider_claw_tunnel,
          uniq_asterion
Spider:2: layout_spider_delve, guppyfry_hornet_nest
Spider:3: layout_spider_delve
Spider:4: spider_rune_water
Orc:1:    orc_temple, layout_caves, serial_shops, shop
Orc:2:    kennysheep_orc_mage_school, layout_caves, serial_shops,
          nicolae_shop_statue_plus
Vaults:1: v_pattern_1, v_misc_27, grunt_vaults_focal, v_misc_24,
          ontoclasm_vaults_chip, vaults_mumra_hex, layout_vaults_omnigrid
Vaults:2: portal_desolation_entry_nicolae_nacl, hangedman_vaults_cutoff,
          minmay_crypt_entry_simple_corners, v_misc_25,
          nicolae_vaults_inception_statues, v_misc_24,
          vaults_mumra_chevron_long, ontoclasm_vaults_chip,
          hangedman_vaults_slice, ontoclasm_vaults_pinch, v_pattern_3,
          nicolae_vaults_network_quinsquares
          [nicolae_vaults_network_quincunx_subvault,
          nicolae_vaults_network_quincunx_subvault,
          nicolae_vaults_network_quincunx_subvault,
          nicolae_vaults_network_quincunx_subvault], vaults_room_hallway,
          layout_vaults_omnibox, serial_shops, nicolae_diamond_shop,
          nicolae_shop_waterfront, nicolae_diamond_shop,
          nicolae_shop_hallway_stairs
Desolation

Skill      XL: |  1  2  3  4  5  6  7  8  9 10 11 12 13 14 15 16 17 18 19 |
---------------+----------------------------------------------------------+-----
Fighting       | 4 5 6 7 8 9 11 12 13 14 15 16 17 | 17.6
Maces & Flails | 3 4 5 6 7 8 9 10 11 12 13 14 | 14.8
Armour         | 4 5 6 7 8 10 11 12 13 14 15 16 | 16.3
Shields        | 4 5 6 7 8 10 11 12 13 14 15 16 17 | 17.3
Invocations    | 1 4 5 7 8 10 11 13 14 15 16 17 18 | 18.2
Evocations     | 3 5 7 8 9 10 11 12 | 12.0
Dodging        | 1 3 4 6 |  6.9
Slings         | 2 4 6 7 |  7.0

Action                   |  1- 3 |  4- 6 |  7- 9 | 10-12 | 13-15 | 16-18 | 19-21 || total
-------------------------+-------+-------+-------+-------+-------+-------+-------++-------
Melee: Flail             |   133 |    42 |    55 |   510 |   901 |  1091 |   329 ||  3061
       Morningstar       |       |   130 |   222 |       |       |       |       ||   352
       Unarmed           |       |       |       |    28 |       |     3 |       ||    31
 Fire: Fustibalus        |       |       |       |       |       |    14 |    13 ||    27
Throw: Dart              |       |     5 |     4 |       |       |       |       ||     9
Invok: Recall Undead Har |       |       |     3 |     1 |    11 |    24 |     2 ||    41
       Dark Bargain      |       |       |       |     1 |     3 |       |       ||     4
       Bind Soul         |       |       |       |       |     4 |     5 |       ||     9
       Drain Life        |       |       |       |       |       |     2 |     1 ||     3
Evoke: Box of beasts     |       |       |       |       |     1 |     1 |       ||     2
       Lightning rod     |       |       |       |       |       |     6 |       ||     6
       Condenser vane    |       |       |       |       |       |     3 |     2 ||     5
       Phial of floods   |       |       |       |       |       |     1 |       ||     1
  Use: Potion            |       |       |     1 |     2 |       |     1 |       ||     4
       Scroll            |       |       |       |     9 |    17 |     5 |     3 ||    34
 Stab: Distracted        |       |     1 |       |     2 |    18 |    22 |     3 ||    46
       Confused          |       |       |       |     2 |       |       |       ||     2
       Sleeping          |       |       |       |     1 |       |       |       ||     1
       Fleeing           |       |       |       |       |     1 |       |       ||     1
       Paralysed         |       |       |       |       |       |     3 |       ||     3
Armor: Scale mail        |    65 |    90 |   198 |     4 |       |       |       ||   357
       Ring mail         |       |       |       |   210 |       |       |       ||   210
       Crystal plate arm |       |       |       |    44 |   567 |   674 |   194 ||  1479
       Skin              |       |       |       |    22 |       |       |       ||    22
       Plate armour      |       |       |       |    20 |       |       |       ||    20
       Ice dragon scales |       |       |       |       |       |    65 |       ||    65
Dodge: Dodged            |    51 |   111 |   150 |   202 |   118 |   193 |    54 ||   879
Block: Buckler           |    39 |    71 |    84 |    57 |       |       |       ||   251
       Kite shield       |       |       |       |   205 |   528 |       |       ||   733
       Tower shield      |       |       |       |       |    49 |  1331 |   384 ||  1764
       Reflection        |       |       |       |       |    23 |    20 |    13 ||    56

Table legend: (Time is in decaauts)
 A = Elapsed time spent in this place.
 B = Non-inter-level travel time spent in this place.
 C = Inter-level travel time spent in this place.
 D = Time resting spent in this place.
 E = Time spent auto-exploring this place.
 F = Levels seen in this place.
 G = Mean time per level.
                   A        B        C        D        E       F      G
               +--------+--------+--------+--------+--------+-----+--------+
         Total |  52909 |  48936 |   3973 |   4522 |  36428 |  37 | 1430.0 |
       Dungeon |  23985 |  22001 |   1984 |   1777 |  16525 |  15 | 1599.0 |
        Temple |    171 |    159 |     12 |      0 |    128 |   1 |  171.0 |
          Lair |  10487 |   9339 |   1148 |      0 |   8266 |   6 | 1747.8 |
         Swamp |   6778 |   6377 |    401 |   1523 |   3840 |   4 | 1694.5 |
   Spider Nest |   4283 |   4028 |    255 |    373 |   2873 |   4 | 1070.8 |
  Orcish Mines |   2471 |   2300 |    171 |      0 |   1889 |   2 | 1235.5 |
        Vaults |    961 |    961 |      0 |    121 |    588 |   2 |  480.5 |
         Sewer |    717 |    717 |      0 |      0 |    544 |   1 |  717.0 |
      Ice Cave |   1939 |   1939 |      0 |    340 |   1254 |   1 | 1939.0 |
    Desolation |   1112 |   1112 |      0 |    388 |    520 |   1 | 1112.0 |
               +--------+--------+--------+--------+--------+-----+--------+

Top non-repeatable levels by time:
  Lair:6: 2416 daAuts
  Lair:1: 2188 daAuts
     D:7: 2114 daAuts
    D:11: 2110 daAuts
  Lair:3: 2054 daAuts
     D:8: 2043 daAuts
    D:15: 2006 daAuts
     D:6: 1949 daAuts
   IceCv: 1939 daAuts
 Swamp:2: 1880 daAuts
 Swamp:1: 1802 daAuts
 Swamp:3: 1797 daAuts
     D:4: 1653 daAuts
Spider:1: 1615 daAuts
     D:1: 1593 daAuts
